 Dungeon Crawl Stone Soup version 0.29-a0-321-gf1c400731a (webtiles) character file.

Game seed: 2867529731215665773

1768 experimilk the Placeless Palentonga (level 8, -1/58 HPs)
             Began as a Palentonga Warper on Apr 5, 2022.
             Was a Follower of Hepliaklqana.
             Slain by a killer bee (8 damage)
             ... on level 6 of the Dungeon.
             The game lasted 00:27:04 (9641 turns).

experimilk the Placeless Palentonga (PaWr)          Turns: 9641, Time: 00:27:04

Health: -1/58      AC: 14    Str: 14    XL:     8   Next: 80%
Magic:  11/11      EV: 10    Int: 15    God:    Hepliaklqana [*.....]
Gold:   360        SH:  0    Dex: 11    Spells: 1/11 levels left

rFire   . . .      SeeInvis +   g - +2 spear (freeze)
rCold   . . .      Faith    .   h - orb {mayhem}
rNeg    . . .      Spirit   .   b - +0 leather armour
rPois   .          Reflect  .   p - +2 helmet
rElec   .          Harm     .   (no cloak)
rCorr   .          Rampage  .   (no gloves)
Will    .....                   (no barding)
Stlth   +.........              (no amulet)
HPRegen 0.19/turn               (no ring)
MPRegen 0.12/turn               (no ring)

@: lethally poisoned (-1 -> -3), curled up
A: reduced essence, large, rugged brown scales 3, see invisible, deformed body,
roll 1, armoured tail, reflexive curl
a: Rolling Charge, Renounce Religion, Recall Ancestor, Ancestor Identity


You were on level 6 of the Dungeon.
You worshipped Hepliaklqana.
Hepliaklqana was aware of your devotion.
You visited 2 branches of the dungeon, and saw 7 of its levels.
You also visited: Ossuary.

You collected 360 gold pieces.

Inventory:

Hand Weapons
 a - a +0 mace
 g - a +2 spear of freezing (weapon)
 m - a +0 trident
 B - a +0 trident
Missiles
 d - 2 boomerangs of dispersal
 u - 2 boomerangs
 y - a throwing net
Armour
 b - a +0 leather armour (worn)
 h - an orb of mayhem (worn)
 j - an orb of guile
 p - a +2 helmet (worn)
Jewellery
 o - a ring of poison resistance
Wands
 q - a wand of polymorph (9)
Scrolls
 e - a scroll of enchant weapon {unknown}
 f - 3 scrolls of torment
 i - 2 scrolls of vulnerability
 n - a scroll of silence {unknown}
 s - a scroll of fear
 t - a scroll of acquirement {unknown}
 w - a scroll of amnesia
 C - a scroll of teleportation {unknown}
Potions
 c - 2 potions of mutation
 k - 3 potions of attraction
 l - 3 potions of curing
 r - a potion of brilliance
 v - a potion of haste
 x - a potion of cancellation
 z - a potion of heal wounds {unknown}
 D - 2 potions of flight {unknown}


   Skills:
 + Level 3.7 Fighting
 - Level 2.0 Maces & Flails
 * Level 4.0 Polearms
 - Level 0.6 Throwing
 - Level 0.7 Armour
 + Level 3.5 Dodging
 - Level 2.0 Spellcasting
 * Level 9.5 Translocations


You had one spell level left.
You knew the following spells:

 Your Spells              Type           Power      Damage    Failure   Level
a - Blink                 Tloc           60%        N/A       1%          2
b - Gell's Gravitas       Tloc           30%        N/A       1%          3
c - Manifold Assault      Tloc           30%        N/A       16%         5

Your spell library contained the following spells:

 Spells                   Type           Power      Damage    Failure   Level
 Apportation              Tloc           60%        N/A       1%          1
 Lesser Beckoning         Tloc           30%        N/A       1%          3
 Teleport Other           Tloc           30%        N/A       1%          3
 Alistair's Intoxication  Tmut/Pois      0%         N/A       100%        5


Dungeon Overview and Level Annotations

Branches:
Dungeon (6/15)             Temple (1/1) D:4         Ossuary (visited)

Altars:
Ashenzari
Cheibriados
Dithmenos
Elyvilon
Fedhas
Gozag
Hepliaklqana
Kikubaaqudgha
Makhleb
Nemelex Xobeh
Okawaru
Qazlal
Ru
Sif Muna
Trog
Uskayaw
Vehumet
Wu Jian
Xom
Yredelemnul
Zin
The Shining One


Innate Abilities, Weirdness & Mutations

Your life essence is reduced to manifest your ancestor. (-10% HP)
You are completely covered in rugged brown scales. (AC +3, +7% HP)
You have supernaturally acute eyesight. (SInv)
Armour fits poorly on your strangely shaped body.
You can roll at nearby foes to attack.
You have a long armoured tail.
You curl defensively after being hit. (AC +7*)


Message History

The killer bee barely misses you. The killer bee stings you.
The killer bee closely misses you.
Psammuthes hits the killer bee.
Unknown command.
You miss the killer bee.
The killer bee is almost dead.
The killer bee stings you. The killer bee barely misses you.
The killer bee misses Psammuthes.
The killer bee barely misses you. The killer bee closely misses you.
The killer bee stings you. x2
You are poisoned.
The killer bee poisons you!
Psammuthes misses the killer bee.
You miss the killer bee. You tail-slap the killer bee!
The killer bee is heavily wounded.
You feel sick. The killer bee barely misses you. The killer bee stings you.
The killer bee barely misses you.
The killer bee stings you but does no damage.
Unknown command.
Blink to where?
Press: ? - help, Q - select action, (/) - cycle Dir - move target, p - killer bee
As you read the scroll of blinking, it crumbles to dust.
You feel sick.
Something stings Psammuthes.
Psammuthes completely misses the killer bee.
You feel sick.
You feel sick.
You feel sick.
You are no longer poisoned.
The killer bee stings you.
* * * LOW HITPOINT WARNING * * *
The killer bee attacks as you move away!
The killer bee stings you but does no damage.
The killer bee barely misses you.
The killer bee attacks as you move away!
The killer bee stings you.
* * * LOW HITPOINT WARNING * * *
You are poisoned.
The killer bee poisons you!
You feel sick. The killer bee closely misses you.
The killer bee attacks as you move away!
The killer bee stings you.
* * * LOW HITPOINT WARNING * * *
You feel sick. The killer bee stings you!
You die...

...........................#...#.
..y........................#...#.
R.y........................#...#.
#######....................#...#.
#..R.................######
#......y...######.........#
#......y...'....#R........#
#..........#....'.........#
#.......yy@#....#.........#
#..........#....#.........#
#...########....#.........#
#...#..# #.....#.........#
#......# #.....#.........#
#...._.# #.....#.........#
#......# #.....#........ #
#...#..# # #...#### #


You could see the friendly Psammuthes the ancestor and 4 killer bees.

Vanquished Creatures
  Sigmund (D:4)
  Eustachio (D:4)
  A sky beast (D:6)
  A black bear (D:6)
  A centaur (D:6)
  3 elf zombies (Ossuary)
  Blork the orc (D:6)
  A howler monkey (D:6)
  6 centaur zombies (Ossuary)
  2 jellies
  2 orc priests
  4 hounds
  3 human zombies (Ossuary)
  3 iguanas
  An orc wizard (D:6)
  3 mummies (Ossuary)
  3 gnolls (D:5)
  7 adders
  3 ufetubi
  2 worms
  3 dart slugs (D:3)
  13 orcs
  6 ball pythons
  7 bats
  3 endoplasms
  4 giant cockroaches
  7 goblins
  4 hobgoblins
  4 kobolds
  3 quokkas
  2 frilled lizards
  4 rats
109 creatures vanquished.

Vanquished Creatures (collateral kills)
  An orc wizard (D:6)
  An ancestor (D:6)
  A dart slug (D:3)
  5 orcs
  An endoplasm (D:3)
9 creatures vanquished.

Vanquished Creatures (others)
  An ancestor (D:6)
  2 ball pythons (D:2)
3 creatures vanquished.

Grand Total: 121 creatures vanquished

Notes
Turn   | Place    | Note
-------+----------+-------------------------------------------
     0 | D:1      | experimilk the Palentonga Warper began the quest for the
                  | Orb.
     0 | D:1      | Reached XP level 1. HP: 17/17 MP: 3/3
   304 | D:1      | Reached XP level 2. HP: 23/23 MP: 5/5
  1010 | D:2      | Reached skill level 4 in Translocations
  1062 | D:2      | Found a stormy altar of Qazlal.
  1384 | D:2      | Found a faded altar of an unknown god.
  1392 | D:2      | Reached XP level 3. HP: 28/28 MP: 6/6
  2035 | D:2      | Learned a level 2 spell: Blink
  2039 | D:2      | Learned a level 3 spell: Gell's Gravitas
  2176 | D:3      | Reached XP level 4. HP: 35/35 MP: 3/7
  2180 | D:3      | Reached skill level 5 in Translocations
  3311 | D:4      | Reached skill level 6 in Translocations
  3311 | D:4      | Reached XP level 5. HP: 15/40 MP: 2/8
  3850 | D:4      | Noticed Sigmund
  3858 | D:4      | Killed Sigmund
  3859 | D:4      | Reached skill level 1 in Polearms
  3859 | D:4      | Reached XP level 6. HP: 34/49 MP: 6/9
  4282 | D:4      | Noticed Eustachio
  4295 | D:4      | Killed Eustachio
  4296 | D:4      | Gained mutation: You curl defensively after being hit. (AC
                  | +7*) [Palentonga growth]
  4296 | D:4      | Reached XP level 7. HP: 40/54 MP: 8/10
  4710 | D:4      | Found a staircase to the Ecumenical Temple.
  4736 | Temple   | Entered the Ecumenical Temple
  5046 | Temple   | Became a worshipper of Hepliaklqana the Forgotten
  5144 | D:5      | Entered Level 5 of the Dungeon
  5170 | D:5      | Found a sand-covered staircase.
  5178 | Ossuary  | Entered an ossuary
  5241 | Ossuary  | Reached skill level 7 in Translocations
  6108 | Ossuary  | Reached skill level 8 in Translocations
  6117 | Ossuary  | Reached XP level 8. HP: 38/62 MP: 1/11
  6582 | D:5      | Learned a level 5 spell: Manifold Assault
  7567 | D:5      | Reached skill level 9 in Translocations
  8240 | D:6      | Noticed Blork the orc
  8251 | D:6      | Killed Blork the orc
  8552 | D:6      | Reached * piety under Hepliaklqana
  9604 | D:6      | Found a shimmering altar of Xom.
  9641 | D:6      | Slain by a killer bee

Illustrated notes

Levels and vault maps discovered:
D:1:      eino_arrival_water_star, layout_loops_cross
D:2:      layout_loops_ring, nicolae_ecumenical_snake_handling, basic_altar
D:3:      layout_loops_ring
D:4:      layout_loops_cross, minmay_temple_entry_nine_rooms,
          minmay_misc_feat_x, uniq_eustachio, uniq_sigmund
D:5:      layout_rooms, lightli_ossuary_entry_decrepit_ruins,
          chequers_serial_rivers_micro_b
D:6:      layout_gridville, mainiacjoe_overflow_alcove_1, uniq_blork_the_orc
Temple:   mainiacjoe_temple_hex_bubbles

Skill      XL: |  1  2  3  4  5  6  7  8 |
---------------+-------------------------+-----
Translocations | 4 6 8 9 |  9.5
Polearms       | 1 2 3 4 |  4.0
Dodging        | 2 3 |  3.5
Fighting       | 3 |  3.7
Maces & Flails | |  2.0
Throwing       | |  0.6
Armour         | |  0.7
Spellcasting   | |  2.0

Action                   |  1- 3 |  4- 6 |  7- 9 || total
-------------------------+-------+-------+-------++-------
Melee: Spear             |    62 |    80 |   278 ||   420
       Mace              |     4 |       |       ||     4
       Tailslap          |     7 |    10 |    56 ||    73
Throw: Boomerang         |     2 |       |     3 ||     5
 Cast: Gell's Gravitas   |     1 |     4 |    19 ||    24
       Blink             |       |     5 |     6 ||    11
       Manifold Assault  |       |       |     2 ||     2
 Abil: Rolling Charge    |    24 |    17 |    27 ||    68
  Use: Scroll            |     3 |     1 |    17 ||    21
       Potion            |       |     2 |     4 ||     6
 Stab: Distracted        |       |       |     2 ||     2
       Invisible         |       |       |     1 ||     1
Armor: Leather armour    |    37 |    21 |   133 ||   191
Dodge: Dodged            |    40 |    40 |   189 ||   269

Table legend: (Time is in decaauts)
 A = Elapsed time spent in this place.
 B = Non-inter-level travel time spent in this place.
 C = Inter-level travel time spent in this place.
 D = Time resting spent in this place.
 E = Time spent auto-exploring this place.
 F = Levels seen in this place.
 G = Mean time per level.
                   A        B        C        D        E       F      G
               +--------+--------+--------+--------+--------+-----+--------+
         Total |   9663 |   9493 |    170 |   5020 |   2295 |   8 | 1207.9 |
       Dungeon |   7924 |   7786 |    138 |   3905 |   2069 |   6 | 1320.7 |
        Temple |    354 |    322 |     32 |      0 |    226 |   1 |  354.0 |
       Ossuary |   1384 |   1384 |      0 |   1115 |      0 |   1 | 1384.0 |
               +--------+--------+--------+--------+--------+-----+--------+

Top non-repeatable levels by time:
     D:6: 1785 daAuts
     D:3: 1680 daAuts
     D:4: 1547 daAuts
 Ossuary: 1384 daAuts
     D:1: 1180 daAuts
     D:2: 984 daAuts
     D:5: 746 daAuts
  Temple: 354 daAuts
